A- SE
ST. LUCIE METS @ DUNEDIN BLUE JAYS
09/16/2041
 
TOP OF THE 1ST
St. Lucie Mets batting - Pitching for Dunedin Blue Jays : RHP Dave Turner
Pitching: RHP Dave Turner
Batting: RHB Juan Carlos Valdillez 0-0: Swinging Strike
0-1: Ball
1-1: Ball
2-1: Ball
3-1: Ground out 5-3 (Groundball, 5, EV 103.8 MPH)
Batting: SHB Kevin French 0-0: Ball
1-0: Called Strike
1-1: Ground out U3 (Groundball, 3, EV 103.1 MPH)
Batting: RHB Greg William 0-0: Called Strike
0-1: Foul Ball, location: 3F
0-2: Ball
1-2: Strikes out swinging
Top of the 1st over - 0 runs, 0 hits, 0 errors, 0 left on base; St. Lucie 0 - Dunedin 0
BOTTOM OF THE 1ST
Dunedin Blue Jays batting - Pitching for St. Lucie Mets : LHP Alex Calhoun
Pitching: LHP Alex Calhoun
Batting: SHB Dan Chamberlain 0-0: Ball
1-0: Called Strike
1-1: Ball
2-1: Fly out, F7 (Flyball, 7LS, EV 96.3 MPH)
Batting: RHB Mike Jordan 0-0: Called Strike
0-1: Swinging Strike
0-2: Fly out, F5 (Popup, 5S, EV 67.5 MPH)
Batting: LHB Gary Walls 0-0: Ball
1-0: Ball
2-0: Fly out, F8 (Flyball, 8RD, EV 95.0 MPH)
Bottom of the 1st over - 0 runs, 0 hits, 0 errors, 0 left on base; St. Lucie 0 - Dunedin 0
TOP OF THE 2ND
St. Lucie Mets batting - Pitching for Dunedin Blue Jays : RHP Dave Turner
Batting: RHB Jim Unknown 0-0: Ball
1-0: Fly out, F7 (Line Drive, 7D, EV 102.5 MPH)
Batting: RHB Jim Unknown 0-0: Called Strike
0-1: Ball
1-1: Fly out, F9 (Flyball, 9, EV 86.3 MPH)
Batting: RHB Jim Unknown 0-0: Ball
1-0: Ground out 4-3 (Groundball, 4, EV 104.4 MPH)
Top of the 2nd over - 0 runs, 0 hits, 0 errors, 0 left on base; St. Lucie 0 - Dunedin 0
BOTTOM OF THE 2ND
Dunedin Blue Jays batting - Pitching for St. Lucie Mets : LHP Alex Calhoun
Batting: RHB Cliff Stroud 0-0: SOLO HOME RUN (Line Drive, 89XD, EV 100.0 MPH), Distance : 380 ft
Batting: RHB Jeremy Lawrence 0-0: Swinging Strike
0-1: Ball
1-1: Foul Ball, location: 2F
1-2: Ball
2-2: Foul Ball, location: 2F
2-2: Ball
3-2: Strikes out looking
Batting: SHB Dave Smith 0-0: Fly out, F5 (Line Drive, 56, EV 70.0 MPH)
Batting: RHB Eric Connor 0-0: Ball
1-0: Foul Ball, location: 9LDF
1-1: Ball
2-1: Swinging Strike
2-2: Ground out 4-3 (Groundball, 34, EV 89.4 MPH)
Bottom of the 2nd over - 1 run, 1 hit, 0 errors, 0 left on base; St. Lucie 0 - Dunedin 1
TOP OF THE 3RD
St. Lucie Mets batting - Pitching for Dunedin Blue Jays : RHP Dave Turner
Batting: LHB Jim Unknown 0-0: Foul Ball, location: 2F
0-1: Ball
1-1: Ball
2-1: Ground out 5-3 (Groundball, 56, EV 100.6 MPH)
Batting: RHB Jim Unknown 0-0: Called Strike
0-1: Swinging Strike
0-2: Ball
1-2: SINGLE (Flyball, 6D, EV 91.9 MPH)
Batting: RHB Jim Unknown 0-0: Ball
1-0: Ball
2-0: Fly out, F9 (Flyball, 9D, EV 87.5 MPH)
Batting: RHB Juan Carlos Valdillez 0-0: Ball
1-0: Called Strike
1-1: Fly out, F8 (Flyball, 89D, EV 103.1 MPH)
Top of the 3rd over - 0 runs, 1 hit, 0 errors, 1 left on base; St. Lucie 0 - Dunedin 1
BOTTOM OF THE 3RD
Dunedin Blue Jays batting - Pitching for St. Lucie Mets : LHP Alex Calhoun
Batting: SHB Joe Campbell 0-0: Ball
1-0: Called Strike
1-1: Swinging Strike
1-2: Ground out 5-3 (Groundball, 56, EV 84.4 MPH)
Batting: RHB Jesús Pérez 0-0: Fly out, F4 (Popup, 4MD, EV 72.5 MPH)
Batting: SHB Dan Chamberlain 0-0: Called Strike
0-1: Fly out, F8 (Line Drive, 8RM, EV 90.0 MPH)
Bottom of the 3rd over - 0 runs, 0 hits, 0 errors, 0 left on base; St. Lucie 0 - Dunedin 1
TOP OF THE 4TH
St. Lucie Mets batting - Pitching for Dunedin Blue Jays : RHP Dave Turner
Batting: SHB Kevin French 0-0: Swinging Strike
0-1: Ball
1-1: DOUBLE (Line Drive, 89D, EV 107.5 MPH)
Pitching: RHP Cal Cameron
Batting: RHB Greg William 0-0: Called Strike
0-1: SINGLE (Line Drive, 78S, EV 104.4 MPH)
Kevin French to third
Batting: RHB Jim Unknown 0-0: Ball
1-0: Fly out, F7 (Flyball, 7D, EV 105.6 MPH)
Runner from 3rd tags up, SCORES, throw by LF
Batting: RHB Jim Unknown 0-0: Ball
1-0: Called Strike
1-1: Ball
2-1: Foul Ball, location: 7LMF
2-2: Strikes out swinging
Batting: RHB Jim Unknown 0-0: Foul Ball, location: 2F
0-1: Swinging Strike
0-2: Strikes out swinging
Top of the 4th over - 1 run, 2 hits, 0 errors, 1 left on base; St. Lucie 1 - Dunedin 1
BOTTOM OF THE 4TH
Dunedin Blue Jays batting - Pitching for St. Lucie Mets : LHP Alex Calhoun
Batting: RHB Mike Jordan 0-0: Called Strike
0-1: Foul Ball, location: 9LMF
0-2: Ball
1-2: Strikes out swinging
Batting: LHB Gary Walls 0-0: Ball
1-0: Fly out, F8 (Flyball, 8LD, EV 105.0 MPH)
Batting: RHB Cliff Stroud 0-0: Called Strike
0-1: Ball
1-1: Fly out, F9 (Flyball, 9D, EV 96.3 MPH)
Bottom of the 4th over - 0 runs, 0 hits, 0 errors, 0 left on base; St. Lucie 1 - Dunedin 1
TOP OF THE 5TH
St. Lucie Mets batting - Pitching for Dunedin Blue Jays : RHP Cal Cameron
Batting: LHB Jim Unknown 0-0: Called Strike
0-1: Foul Ball, location: 3F
0-2: Ball
1-2: Strikes out swinging
Batting: RHB Jim Unknown 0-0: Foul Ball, location: 5F
0-1: Ball
1-1: Foul Ball, location: 2F
1-2: Fly out, F6 (Popup, 6MS, EV 70.6 MPH)
Batting: RHB Jim Unknown 0-0: Swinging Strike
0-1: Ball
1-1: Foul Ball, location: 2F
1-2: Foul Ball, location: 25FF
1-2: Strikes out swinging
Top of the 5th over - 0 runs, 0 hits, 0 errors, 0 left on base; St. Lucie 1 - Dunedin 1
BOTTOM OF THE 5TH
Dunedin Blue Jays batting - Pitching for St. Lucie Mets : LHP Alex Calhoun
Batting: RHB Jeremy Lawrence 0-0: Ball
1-0: Swinging Strike
1-1: SINGLE (Groundball, 4, EV 85.0 MPH)
Batting: SHB Dave Smith 0-0: Sac Bunt to 13S - play at first, batter OUT! 1-3
Jeremy Lawrence to second
Batting: RHB Eric Connor 0-0: Called Strike
0-1: Ball
1-1: Ball
2-1: Called Strike
2-2: Ground out 4-3 (Groundball, 4MD, EV 86.9 MPH)
Batting: SHB Joe Campbell 0-0: Called Strike
0-1: Called Strike
0-2: Ball
1-2: Ball
2-2: Ball
Wild Pitch!
Jeremy Lawrence to third
3-2: Ground out 5-3 (Groundball, 5, EV 86.9 MPH)
Bottom of the 5th over - 0 runs, 1 hit, 0 errors, 1 left on base; St. Lucie 1 - Dunedin 1
TOP OF THE 6TH
St. Lucie Mets batting - Pitching for Dunedin Blue Jays : RHP Cal Cameron
Batting: RHB Juan Carlos Valdillez 0-0: Ball
1-0: DOUBLE (Flyball, 7LM, EV 103.8 MPH)
Batting: SHB Kevin French 0-0: Foul Ball, location: 2F
0-1: Ball
1-1: Swinging Strike
1-2: Foul Ball, location: 2F
1-2: Ball
2-2: Foul Ball, location: 2F
2-2: DOUBLE (Line Drive, 78D, EV 107.5 MPH)
Juan Carlos Valdillez scores
Batting: RHB Greg William 0-0: SINGLE (Groundball, 34D, EV 99.4 MPH)
Kevin French to third
Runner from 3rd tries for Home, SAFE, throw by RF to home
Batting: RHB Jim Unknown 0-0: Ball
1-0: Ball
2-0: Swinging Strike
2-1: Swinging Strike
2-2: Ball
3-2: Strikes out swinging
Batting: RHB Jim Unknown 0-0: Called Strike
0-1: Ball
1-1: Ball
2-1: Ball
3-1: Foul Ball, location: 2F
3-2: Foul Ball, location: 9LSF
3-2: Base on Balls
Greg William to second
Batting: RHB Jim Unknown 0-0: Ball
1-0: Ball
2-0: Foul Ball, location: 9LDF
2-1: Foul Ball, location: 25FF
2-2: Grounds into double play, U3-6 (Groundball, 3L, EV 105.0 MPH)
Top of the 6th over - 2 runs, 3 hits, 0 errors, 1 left on base; St. Lucie 3 - Dunedin 1
BOTTOM OF THE 6TH
Dunedin Blue Jays batting - Pitching for St. Lucie Mets : LHP Alex Calhoun
Pitching: RHP Jim Unknown
Batting: RHB Jesús Pérez 0-0: Ball
1-0: Called Strike
1-1: Foul Ball, location: 2F
1-2: Strikes out looking
Batting: SHB Dan Chamberlain 0-0: Called Strike
0-1: Ball
1-1: SOLO HOME RUN (Flyball, 9LD, EV 91.9 MPH), Distance : 350 ft
Batting: RHB Mike Jordan 0-0: Called Strike
0-1: Ground out 6-3 (Groundball, 6S, EV 93.1 MPH)
Batting: LHB Gary Walls 0-0: Foul Ball, location: 7LSF
0-1: Foul Ball, location: 7LDF
0-2: SINGLE (Groundball, 4MD, EV 93.8 MPH)
Batting: RHB Cliff Stroud 0-0: Called Strike
0-1: Swinging Strike
0-2: Strikes out swinging
Bottom of the 6th over - 1 run, 2 hits, 0 errors, 1 left on base; St. Lucie 3 - Dunedin 2
TOP OF THE 7TH
St. Lucie Mets batting - Pitching for Dunedin Blue Jays : RHP Cal Cameron
Batting: LHB Jim Unknown 0-0: SINGLE (Line Drive, 78S, EV 99.4 MPH)
Batting: RHB Jim Unknown 0-0: Called Strike
0-1: Ball
1-1: Foul Ball, location: 9LSF
1-2: Ball
2-2: Grounds into double play, 6-4-3 (Groundball, 6, EV 90.0 MPH)
Batting: RHB Jim Unknown 0-0: Ball
1-0: Called Strike
1-1: Ball
2-1: Ball
3-1: Ground out 6-3 (Groundball, 6, EV 97.5 MPH)
Top of the 7th over - 0 runs, 1 hit, 0 errors, 0 left on base; St. Lucie 3 - Dunedin 2
BOTTOM OF THE 7TH
Dunedin Blue Jays batting - Pitching for St. Lucie Mets : RHP Jim Unknown
Batting: RHB Jeremy Lawrence 0-0: Ball
1-0: Foul Ball, location: 9LSF
1-1: Foul Ball, location: 2F
1-2: Ball
2-2: SINGLE (Groundball, 4MD, EV 100.0 MPH)
Batting: SHB Dave Smith 0-0: Foul Ball, location: 5FF
0-1: Foul Ball, location: 7LMF
0-2: Ball
1-2: Ball
2-2: Fielders Choice at 2nd, 1-6 (Groundball, 34S, EV 60.6 MPH)
Pinch Hitting: LHB Nelson Escobedo 0-0: Called Strike
0-1: Called Strike
Dave Smith is caught stealing 2nd base 2-6
0-2: Strikes out swinging
Bottom of the 7th over - 0 runs, 1 hit, 0 errors, 0 left on base; St. Lucie 3 - Dunedin 2
TOP OF THE 8TH
St. Lucie Mets batting - Pitching for Dunedin Blue Jays : RHP Cal Cameron
Now at 3B: Jorge Montoya
Batting: RHB Juan Carlos Valdillez 0-0: Called Strike
0-1: Foul Ball, location: 9LMF
0-2: Ball
1-2: Foul Ball, location: 25F
1-2: Ball
2-2: Foul Ball, location: 25F
2-2: Ball
3-2: Fly out, F3 (Popup, 3SF, EV 88.8 MPH)
Batting: SHB Kevin French 0-0: Called Strike
0-1: Ball
1-1: Ball
2-1: SINGLE (Line Drive, 6D, EV 106.9 MPH)
Pitching: LHP Ed Wilson
Batting: RHB Greg William 0-0: Fly out, F9 (Line Drive, 89M, EV 93.1 MPH)
Batting: RHB Jim Unknown 0-0: Called Strike
0-1: Called Strike
0-2: Foul Ball, location: 5F
0-2: Ball
1-2: Strikes out swinging
Top of the 8th over - 0 runs, 1 hit, 0 errors, 1 left on base; St. Lucie 3 - Dunedin 2
BOTTOM OF THE 8TH
Dunedin Blue Jays batting - Pitching for St. Lucie Mets : RHP Jim Unknown
Batting: SHB Joe Campbell 0-0: Ball
1-0: Foul Ball, location: 3F
1-1: Ball
2-1: Foul Ball, location: 25F
2-2: Ball
3-2: SINGLE (Line Drive, 6MD, EV 105.0 MPH)
Batting: RHB Jesús Pérez 0-0: Bunted foul
0-1: Sac Bunt to P - play at second, runner OUT! 1-6
Batting: SHB Dan Chamberlain 0-0: Bunted foul
0-1: Sac Bunt to 15S - play at first, batter OUT! 1-4
Jesús Pérez to second
Batting: LHB Brad Puckett 0-0: Ball
1-0: Foul Ball, location: 23FF
1-1: Foul Ball, location: 7LDF
1-2: DOUBLE (Line Drive, 7LM, EV 102.5 MPH)
Jesús Pérez scores
Batting: LHB Gary Walls 0-0: Swinging Strike
0-1: Foul Ball, location: 7LMF
0-2: Ball
1-2: Ball
2-2: Strikes out swinging
Bottom of the 8th over - 1 run, 2 hits, 0 errors, 1 left on base; St. Lucie 3 - Dunedin 3
TOP OF THE 9TH
St. Lucie Mets batting - Pitching for Dunedin Blue Jays : LHP Ed Wilson
Batting: RHB Jim Unknown 0-0: Called Strike
0-1: Called Strike
0-2: Fly out, F7 (Flyball, 7LMF, EV 101.3 MPH)
Pinch Hitting: RHB Jim Unknown 0-0: Called Strike
0-1: SINGLE (Flyball, 3D, EV 86.3 MPH)
Pinch Hitting: SHB Jim Unknown 0-0: Ball
1-0: Foul Ball, location: 3F
1-1: Foul Ball, location: 3F
1-2: Ball
2-2: Strikes out looking
Pinch Hitting: RHB Jim Unknown 0-0: Ball
1-0: Ball
2-0: Ball
3-0: Called Strike
3-1: Called Strike
3-2: Foul Ball, location: 7LSF
3-2: SINGLE (Groundball, 4MD, EV 105.6 MPH)
Jim Unknown to second
Jim Unknown to third
Batting: RHB Jim Unknown 0-0: Ball
1-0: Called Strike
1-1: Swinging Strike
1-2: Strikes out looking
Top of the 9th over - 0 runs, 2 hits, 0 errors, 2 left on base; St. Lucie 3 - Dunedin 3
BOTTOM OF THE 9TH
Dunedin Blue Jays batting - Pitching for St. Lucie Mets : RHP Jim Unknown
Now at C: Jim Unknown
Now at 1B: Jim Unknown
Now at 3B: Jim Unknown
Pinch Hitting: LHB Danny Feniley 0-0: Ball
1-0: Called Strike
1-1: Ground out 1-3 (Groundball, 13S, EV 70.6 MPH)
Batting: RHB Jeremy Lawrence 0-0: Fly out, F8 (Line Drive, 8LM, EV 91.9 MPH)
Pinch Hitting: RHB Alfredo Gonzáles 0-0: Ball
1-0: Foul Ball, location: 2F
1-1: Called Strike
1-2: Foul Ball, location: 3F
1-2: Strikes out swinging
Bottom of the 9th over - 0 runs, 0 hits, 0 errors, 0 left on base; St. Lucie 3 - Dunedin 3
TOP OF THE 10TH
St. Lucie Mets batting - Pitching for Dunedin Blue Jays : LHP Ed Wilson
Pitching: RHP Jorge Galló
Now in CF: Joe Grant
Now in RF: César Salas
Batting: RHB Juan Carlos Valdillez 0-0: Ball
1-0: Ball
2-0: Called Strike
2-1: Foul Ball, location: 5DF
2-2: Ground out U3 (Groundball, 23, EV 91.9 MPH)
Batting: SHB Kevin French 0-0: Ball
1-0: Ball
2-0: Ball
3-0: Called Strike
3-1: Ground out 5-3 (Groundball, 5, EV 87.5 MPH)
Batting: RHB Greg William 0-0: Ball
1-0: Swinging Strike
1-1: Ground out 5-3 (Groundball, 56, EV 78.8 MPH)
Top of the 10th over - 0 runs, 0 hits, 0 errors, 0 left on base; St. Lucie 3 - Dunedin 3
BOTTOM OF THE 10TH
Dunedin Blue Jays batting - Pitching for St. Lucie Mets : RHP Jim Unknown
Pitching: RHP Jim Unknown
Batting: RHB Jorge Montoya 0-0: Ball
1-0: Called Strike
1-1: Fly out, F7 (Flyball, 7S, EV 90.6 MPH)
Batting: SHB Joe Campbell 0-0: Ball
1-0: Ball
2-0: Called Strike
2-1: Ball
3-1: Base on Balls
Batting: RHB Jesús Pérez
Pinch Hitting: LHB Walt Sheldrake 0-0: Called Strike
0-1: Fly out, F7 (Flyball, 7, EV 85.6 MPH)
Batting: SHB Dan Chamberlain 0-0: Ball
Joe Campbell steals 2nd base
1-0: Swinging Strike
1-1: Foul Ball, location: 25FF
1-2: Foul Ball, location: 9LSF
1-2: Ball
2-2: DOUBLE (Flyball, 8RXD, EV 105.6 MPH)
Joe Campbell scores
Bottom of the 10th over - 1 run, 1 hit, 0 errors, 1 left on base; St. Lucie 3 - Dunedin 4
Monday, April 1st , 2024 - OOTP Baseball 24.10 Build 82